 Dungeon Crawl Stone Soup version 0.25.0-45-g978344163c (webtiles) character file.

Game seed: 5630812070199093626

1946 Curus the Spear-Bearer (level 8, -1/64 HPs)
             Began as a Minotaur Fighter on July 11, 2020.
             Was a Follower of Yredelemnul.
             Killed from afar by an electric eel (4 damage)
             ... with a bolt of electricity
             ... on level 7 of the Dungeon.
             The game lasted 00:33:03 (7710 turns).

Curus the Spear-Bearer (Minotaur Fighter)           Turns: 7710, Time: 00:33:04

Health: -1/64      AC: 13    Str: 21 (22) XL:     8   Next: 98%
Magic:  16/16      EV:  3    Int:  7      God:    Yredelemnul [*.....]
Gold:   416        SH: 10    Dex:  7      Spells: 7/7 levels left

rFire    + + .     SeeInvis .   l - +1 trident (venom)
rCold    + + .     Gourm    .   c - +1 kite shield
rNeg     . . .     Faith    .   j - +1 plate armour
rPois    +         Spirit   .   (helmet restricted)
rElec    +         Reflect  .   g - scarf {rC+ rF+}
rCorr    +         Harm     .   C - +0 pair of gloves
MR       .....                  (no boots)
Stlth    ..........             (no amulet)
HPRegen  0.20/turn              q - ring of magical power
MPRegen  0.15/turn              z - ring of attention (curse)

@: resistant, very slow
A: retaliatory headbutt, fangs 1, horns 2, blurry vision 1, clumsy 1, poison
resistance
a: Animate Remains, Renounce Religion


You were on level 7 of the Dungeon.
You worshipped Yredelemnul.
Yredelemnul was aware of your devotion.
You were very hungry.

You visited 1 branch of the dungeon, and saw 7 of its levels.
You also visited: Sewer and Ossuary.

You collected 416 gold pieces.

Inventory:

Hand Weapons
 a - a +0 trident
 l - a +1 trident of venom (weapon)
Armour
 b - a +0 scale mail
 c - a +1 kite shield (worn)
 g - a scarf of resistance (worn)
 j - a +1 plate armour (worn)
 C - a +0 pair of gloves (worn)
Jewellery
 q - a ring of magical power (left hand)
 v - an uncursed ring of teleportation
 z - a cursed ring of attention (right hand)
Wands
 m - a wand of flame (10)
Scrolls
 i - 9 scrolls of identify
 k - 4 scrolls of amnesia
 r - a scroll of teleportation
 t - 3 scrolls of fog
 y - a scroll of magic mapping
Potions
 d - 2 potions of might
 e - 4 potions of lignification
 n - a potion of cancellation
 o - a potion of ambrosia
 s - 2 potions of haste
 w - a potion of curing
 x - a potion of flight
 B - a potion of degeneration
Comestibles
 f - 11 rations


   Skills:
 - Level 3.6 Fighting
 + Level 13.5 Polearms
 - Level 3.6 Armour
 - Level 3.6 Shields


You had 7 spell levels left.
You didn't know any spells.
Your spell library contained the following spells:

 Spells                   Type           Power        Failure   Level  Hunger
 Magic Dart               Conj           #...         100%        1    ##.....
 Blink                    Tloc           N/A          100%        2    ###....
 Call Imp                 Summ           #.......     100%        2    ###....
 Slow                     Hex            #.......     100%        2    ###....
 Confusing Touch          Hex            #.......     100%        3    ####...
 Conjure Flame            Conj/Fire      #.......     100%        3    ####...
 Gell's Gravitas          Tloc           #.........   100%        3    ####...
 Mephitic Cloud           Conj/Pois/Air  #.......     100%        3    ####...
 Petrify                  Tmut/Erth      #.......     100%        4    #####..
 Metabolic Englaciation   Hex/Ice        #.........   100%        5    ######.
 Yara's Violent Unravell  Hex/Tmut       #.........   100%        5    ######.


Dungeon Overview and Level Annotations

Branches:
Dungeon (7/15)             Temple (0/1) D:7           Sewer (visited)
Ossuary (visited)

Altars:
Fedhas
Gozag
Sif Muna
Vehumet
Wu Jian
Xom
Yredelemnul
Zin


Innate Abilities, Weirdness & Mutations

You reflexively headbutt those who attack you in melee.
You have a pair of horns on your head.
You have very sharp teeth.
Scrolls take you a little longer to read.
You are clumsy. (Dex -2)
Your system is resistant to poisons. (rPois)


Message History

The electric eel is heavily wounded.
You puncture the electric eel! You bite the electric eel.
You kill the electric eel!
Yredelemnul accepts your kill.
The electric eel shoots out a bolt of lightning at you!
The bolt of electricity hits you. You resist.
* * * LOW HITPOINT WARNING * * *
Okay, then.
Unknown command.
Unknown command.
Your shield and plate armour prevent you from hitting the electric eel.
You barely miss the electric eel. Your headbutt misses the electric eel.
Your surroundings seem slightly different.
Splash!
You fall into the shallow water.
Moving in this stuff is going to be slow.
The electric eel shoots out a bolt of lightning at you!
The bolt of electricity hits you. You resist.
You die...
Your body rises from the dead as a mindless zombie.

###..........#..........Z
#............#.......###Z
#######......#.........#Z
≈≈≈≈≈##.....##..........
≈≈≈≈≈≈≈##.....##.........
≈≈≈≈≈≈≈≈##...............
≈≈≈≈≈≈≈≈≈##.........##...
≈≈≈≈≈≈≈≈≈≈##........##...
≈≈≈≈≈≈≈≈@≈≈#......#......
≈≈≈≈≈≈≈;≈≈≈#......#.....#
⌠..⌠≈≈≈;≈≈≈#.............
.......§...'........##...
.......).).'.............
⌠..⌠≈;≈≈)≈≈##............
≈≈≈≈≈≈≈≈≈≈≈#........#....
≈≈≈≈≈≈≈≈≈≈≈#........#####
≈≈≈≈≈≈≈≈≈≈##........#####


You could see 3 electric eels.

Vanquished Creatures
  A vampire (D:7)
  2 ogres
  A necrophage (D:7)
  A centaur (D:5)
  A bullfrog (D:7)
  2 scorpions (D:4)
  A killer bee (D:7)
  An electric eel (D:7)
  A howler monkey (D:6)
  2 centaur zombies
  5 crimson imps
  A human zombie (Ossuary)
  4 hounds
  3 orc wizards
  Crazy Yiuf (D:6)
  2 orc priests
  3 worker ants
  Terence (D:3)
  A big kobold zombie (Ossuary)
  The ghost of glosham the Skirmisher, a weakling DEBe of Trog (D:4)
  2 mummies (Ossuary)
  A worker ant zombie (D:5)
  4 gnolls (D:2)
  17 adders
  5 river rats
  4 oozes
  2 adder zombies (Ossuary)
  An adder skeleton (D:4)
  6 worms
  A dart slug (D:1)
  A leopard gecko (D:7)
  31 orcs
  14 bats
  4 giant cockroaches
  9 goblins
  6 hobgoblins
  8 jackals
  3 quokkas
  7 ball pythons
  9 frilled lizards
  2 goblin zombies (Ossuary)
  10 hobgoblin zombies (Ossuary)
  A jackal zombie (Ossuary)
  4 kobolds
  8 kobold zombies (Ossuary)
  A leopard gecko zombie (D:5)
  10 orc zombies (Ossuary)
  11 rats
  A rat zombie (Ossuary)
218 creatures vanquished.

Vanquished Creatures (collateral kills)
  An orc (D:7)
1 creature vanquished.

Vanquished Creatures (others)
  2 orc zombies (D:7)
2 creatures vanquished.

Grand Total: 221 creatures vanquished

Notes
Turn   | Place    | Note
-------+----------+-------------------------------------------
     0 | D:1      | Curus the Minotaur Fighter began the quest for the Orb.
     0 | D:1      | Reached XP level 1. HP: 19/19 MP: 0/0
     3 | D:1      | Noticed a minotaur zombie
    11 | D:1      | Noticed a merfolk zombie
    15 | D:1      | Noticed a minotaur zombie
    65 | D:1      | Reached skill level 3 in Polearms
   196 | D:1      | Reached XP level 2. HP: 26/26 MP: 1/1
   530 | D:1      | Reached skill level 4 in Polearms
   856 | D:1      | Reached XP level 3. HP: 30/31 MP: 2/2
  1183 | D:2      | Reached skill level 5 in Polearms
  1359 | D:2      | Reached XP level 4. HP: 39/39 MP: 3/3
  1705 | D:2      | Reached skill level 6 in Polearms
  1895 | D:2      | Reached XP level 5. HP: 45/45 MP: 4/4
  2086 | D:2      | Found an ornate altar of the Wu Jian Council.
  2122 | D:3      | Noticed Terence
  2130 | D:3      | Killed Terence
  2130 | D:3      | Reached skill level 7 in Polearms
  2825 | D:3      | Reached XP level 6. HP: 50/51 MP: 5/5
  2931 | D:3      | Found a blossoming altar of Fedhas.
  3172 | D:4      | Reached skill level 8 in Polearms
  3275 | D:4      | Found a sand-covered staircase.
  3279 | Ossuary  | Entered an ossuary
  3474 | Ossuary  | Reached skill level 9 in Polearms
  3485 | Ossuary  | Reached XP level 7. HP: 23/57 MP: 6/6
  3675 | Ossuary  | Gained mutation: Scrolls take you a little longer to read.
                  | [potion of mutation]
  3675 | Ossuary  | Gained mutation: You are clumsy. (Dex -2) [potion of
                  | mutation]
  3675 | Ossuary  | Gained mutation: You have very sharp teeth. [potion of
                  | mutation]
  3675 | Ossuary  | Gained mutation: Your system is resistant to poisons.
                  | (rPois) [potion of mutation]
  3830 | D:4      | Found a runed translucent gate.
  3830 | D:4      | Found a runed translucent gate.
  3830 | D:4      | Found a runed translucent gate.
  3831 | D:4      | Noticed glosham's ghost (weakling DEBe)
  3849 | D:4      | Killed glosham's ghost
  3975 | D:4      | Reached skill level 10 in Polearms
  4309 | D:4      | Found an opulent altar of Gozag.
  4508 | D:4      | Found a shimmering blue altar of Sif Muna.
  4532 | D:5      | Entered Level 5 of the Dungeon
  4792 | D:5      | Found a glowing drain.
  4808 | Sewer    | Entered a sewer
  4855 | Sewer    | Reached skill level 11 in Polearms
  5228 | D:5      | Reached XP level 8. HP: 64/64 MP: 7/7
  5340 | D:5      | Found a basalt altar of Yredelemnul.
  5354 | D:5      | Became a worshipper of Yredelemnul the Dark
  5608 | D:6      | Found a radiant altar of Vehumet.
  5983 | D:6      | Reached skill level 12 in Polearms
  6111 | D:6      | Found a blossoming altar of Fedhas.
  6170 | D:6      | Found a runed translucent door.
  6171 | D:6      | Noticed Crazy Yiuf
  6233 | D:6      | Found a shimmering altar of Xom.
  6347 | D:6      | Killed Crazy Yiuf
  6419 | D:7      | Found a glowing silver altar of Zin.
  6498 | D:7      | Reached skill level 13 in Polearms
  6839 | D:7      | HP: 3/64 [something (9)]
  7212 | D:7      | Found a staircase to the Ecumenical Temple.
  7231 | D:7      | Reached * piety under Yredelemnul
  7375 | D:7      | HP: 1/64 [electric eel/bolt of electricity (3)]
  7708 | D:7      | HP: 2/64 [electric eel/bolt of electricity (2)]
  7710 | D:7      | Killed from afar by an electric eel

Illustrated notes

Levels and vault maps discovered:
D:1:      shiori_arrival_whats_in_store_for_you, layout_basic
D:2:      layout_basic, marbit_many_paths
D:3:      layout_basic, lemuel_doored_altar, uniq_terence
D:4:      lemuel_upstairs_altar, layout_gridville, led_sif_pool,
          old_standard_altar, ebering_ghost_rock_garden, first_ration,
          nicolae_ossuary_entry_plus
D:5:      layout_rooms, overflow_temple_1_default, gup_sewer_entry_bubbles
D:6:      layout_loops_ring, nicolae_overflow_crystal_walls,
          hangedman_feature_mirror, kennysheep_pointless_box,
          uniq_crazy_yiuf_cottage
D:7:      kennysheep_big_flooded_room, layout_cave_pools, temple_pool_b,
          basic_altar

Skill      XL: |  1  2  3  4  5  6  7  8 |
---------------+-------------------------+-----
Polearms       | 3 4 5 6 7 9 11 13 | 13.5
Fighting       | |  3.6
Armour         | |  3.6
Shields        | |  3.6

Action                   |  1- 3 |  4- 6 |  7- 9 || total
-------------------------+-------+-------+-------++-------
Melee: Trident           |   103 |   272 |   324 ||   699
       Headbutt          |     8 |    34 |    39 ||    81
       Bite              |       |       |    26 ||    26
Invok: Animate Remains   |       |       |     2 ||     2
Evoke: Wand              |       |       |     7 ||     7
  Use: Potion            |     4 |     1 |    14 ||    19
       Scroll            |     3 |     4 |     9 ||    16
  Eat: Chunk             |     2 |     6 |     7 ||    15
       Ration            |       |       |     2 ||     2
Armor: Scale mail        |    40 |    38 |       ||    78
       Plate armour      |       |    71 |    79 ||   150
Dodge: Dodged            |    18 |    41 |    25 ||    84
Block: Kite shield       |    34 |    93 |    70 ||   197
